 Dungeon Crawl Stone Soup version 0.29-a0-397-g846e4a0bbc (webtiles) character file.

Game seed: 16145991546829055287

214 Bruhh the Chiller (level 5, 0/38 HPs)
             Began as a Gnoll Ice Elementalist on May 12, 2022.
             Slain by a gnoll
             ... wielding a +1 halberd of flaming
              (4 damage)
             ... on level 4 of the Dungeon.
             The game lasted 00:03:48 (4121 turns).

Bruhh the Chiller (Gnoll Ice Elementalist)          Turns: 4121, Time: 00:03:49

Health: 0/38       AC: 10    Str:  8    XL:     5   Next: 92%
Magic:  2/12       EV: 13    Int: 16    God:
Gold:   182        SH:  0    Dex: 12    Spells: 7/14 levels left

rFire   . . .      SeeInvis .   x - +0 war axe (elec)
rCold   . . .      Faith    .   (no shield)
rNeg    . . .      Spirit   .   z - +0 leather armour
rPois   .          Reflect  .   y - +1 hat
rElec   .          Harm     .   (no cloak)
rCorr   .          Rampage  .   g - +0 pair of gloves
Will    .....                   (no boots)
Stlth   ++........              (no amulet)
HPRegen 0.12/turn               (no ring)
MPRegen 0.13/turn               (no ring)

@: ice-armoured, freezing walls
A: fangs 1, strong nose, distributed training
a: no special abilities


You were on level 4 of the Dungeon.
You visited 1 branch of the dungeon, and saw 4 of its levels.

You collected 182 gold pieces.

Inventory:

Hand Weapons
 u - a +0 dagger of venom
 x - a +0 war axe of electrocution (weapon)
Missiles
 w - 11 poisoned darts
Armour
 a - a +0 robe
 g - a +0 pair of gloves (worn)
 y - a +1 hat (worn)
 z - a +0 leather armour (worn)
Wands
 o - a wand of acid (7)
Scrolls
 f - 2 scrolls of noise {unknown}
 i - a scroll of torment {unknown}
 j - 2 scrolls of teleportation {unknown}
 k - a scroll of amnesia {unknown}
 l - 2 scrolls of immolation {unknown}
 m - a scroll of magic mapping {unknown}
 r - 2 scrolls of fog {unknown}
 s - a scroll of identify {unknown}
 t - a scroll of vulnerability {unknown}
Potions
 b - 2 potions of magic
 c - 2 potions of mutation {unknown}
 d - a potion of heal wounds {unknown}
 e - 5 potions of curing {unknown}
 h - 2 potions of resistance {unknown}
 n - a potion of invisibility {unknown}
 p - a potion of haste {unknown}
 q - a potion of degeneration {unknown}
 v - a potion of attraction {unknown}
 A - 2 potions of berserk rage {unknown}


   Skills:
 + Level 1.7 Fighting
 + Level 1.7 Short Blades
 + Level 1.7 Long Blades
 + Level 1.7 Axes
 + Level 1.7 Maces & Flails
 + Level 1.7 Polearms
 + Level 1.7 Staves
 + Level 1.7 Slings
 + Level 1.7 Bows
 + Level 1.7 Crossbows
 + Level 1.7 Throwing
 + Level 1.7 Armour
 + Level 4.9 Dodging
 + Level 4.5 Stealth
 + Level 1.7 Shields
 + Level 1.7 Unarmed Combat
 + Level 5.2 Spellcasting
 + Level 1.3 Conjurations
 + Level 1.3 Hexes
 + Level 1.3 Summonings
 + Level 1.3 Necromancy
 + Level 1.3 Translocations
 + Level 1.3 Transmutations
 + Level 1.3 Fire Magic
 + Level 7.2 Ice Magic
 + Level 1.3 Air Magic
 + Level 1.3 Earth Magic
 + Level 1.3 Poison Magic
 + Level 1.9 Invocations
 + Level 1.7 Evocations


You had 7 spell levels left.
You knew the following spells:

 Your Spells              Type           Power      Damage    Failure   Level
a - Freeze                Ice            100%       1d11      1%          1
b - Frozen Ramparts       Ice            54%        1d7       3%          3
c - Ozocubu's Armour      Ice            27%        N/A       3%          3

Your spell library contained the following spells:

 Spells                   Type           Power      Damage    Failure   Level
 Animate Skeleton         Necr           16%        N/A       12%         1
 Apportation              Tloc           16%        N/A       12%         1
 Summon Small Mammal      Summ           32%        N/A       12%         1
 Sublimation of Blood     Necr           8%         N/A       19%         2
 Hailstorm                Conj/Ice       18%        3d6       34%         4
 Petrify                  Tmut/Erth      8%         N/A       75%         4
 Freezing Cloud           Conj/Ice/Air   7%         6-21      83%         5
 Irradiate                Conj/Tmut      4%         3d14      97%         5
 Simulacrum               Ice/Necr       9%         N/A       99%         6
 Polar Vortex             Ice            13%        N/A       100%        9


Dungeon Overview and Level Annotations

Branches:
Dungeon (4/15)
 Temple: D:4-7

Altars:


Innate Abilities, Weirdness & Mutations

You have very sharp teeth.
Your uncanny sense of smell can sniff out nearby items.
Your experience applies equally to all skills.


Message History

The gnoll shouts!
The ufetubus shouts!
You hear a shout!
Items here: )) [ †.
A gnoll comes into view. It is wielding a +0 halberd.
The gnoll shouts!
The gnoll hits you with a +1 halberd of flaming!
The gnoll burns you. The gnoll attacks as you move away!
The gnoll hits you with a +1 halberd of flaming!
The gnoll burns you.
The gnoll shouts!
The ufetubus closely misses you. x2; The gnoll throws a throwing net.
The throwing net closely misses you. The ufetubus completely misses you.
The ufetubus misses you. The gnoll barely misses you.
You see here a throwing net.
The ufetubus attacks as you move away! The ufetubus barely misses you.
The ufetubus closely misses you.
Items here: )) [ †.
The ufetubus barely misses you. x2
Casting: Ozocubu's Armour (dangerous; 3% risk of failure)
Confirm with . or Enter, or press ? or * to list all spells.
Casting: Frozen Ramparts (dangerous; 3% risk of failure)
Press: ? - help, Dir - look around, f - activate The walls around you are covered in ice.
The ufetubus resists.
The wall freezes the ufetubus.
The ufetubus hits you. x2
The wall freezes the gnoll.
The wall freezes the gnoll!
The wall freezes the gnoll.
The gnoll closely misses you.
Unknown command.
Casting: Frozen Ramparts (dangerous; 3% risk of failure)
Confirm with . or Enter, or press ? or * to list all spells.
A film of ice covers your body!
The ufetubus resists.
The wall freezes the ufetubus.
The ufetubus hits you but does no damage.
The ufetubus hits you.
The wall freezes the gnoll!
The wall freezes the gnoll.
The ufetubus resists.
The wall freezes the ufetubus.
The ufetubus hits you but does no damage.
The ufetubus closely misses you.
The wall freezes the gnoll.
The gnoll hits you from afar with a +1 halberd of flaming!
* * * LOW HITPOINT WARNING * * *
The gnoll burns you.
You die...

#.....###.# ....
#####.....#...##.....#
##...#............#...#
#..........<.#####....
.............# ##..#
............### #..#
..............###..#
#.............#ggg.####
...........>..@5g.......
...##........###..###..
.. #<[...............
#...#.....##..##..#
#.###.....# ..# ...# ∆
#.# #...!...#.# ... ∆
### #....... .# .#
#....... ..#.


You could see 4 gnolls and an ufetubus.

Vanquished Creatures
  An orc priest (D:4)
  A river rat (D:3)
  4 adders (D:2)
  4 gnolls (D:3)
  3 worms (D:2)
  3 dart slugs
  4 orcs
  15 ball pythons
  6 endoplasms
  8 giant cockroaches
  2 goblins (D:1)
  5 hobgoblins
  4 jackals (D:1)
  2 kobolds
  5 quokkas
  A bat (D:1)
  5 frilled lizards
  8 rats
81 creatures vanquished.

Notes
Turn   | Place    | Note
-------+----------+-------------------------------------------
     0 | D:1      | Bruhh the Gnoll Ice Elementalist began the quest for the
                  | Orb.
     0 | D:1      | Reached XP level 1. HP: 13/13 MP: 6/6
   141 | D:1      | Reached XP level 2. HP: 19/19 MP: 5/7
   652 | D:1      | Reached XP level 3. HP: 25/25 MP: 6/9
   810 | D:1      | Reached skill level 5 in Spellcasting
   942 | D:1      | Learned a level 3 spell: Frozen Ramparts
   946 | D:1      | Learned a level 3 spell: Ozocubu's Armour
  1094 | D:1      | Found a faded altar of an unknown god.
  1374 | D:2      | Reached skill level 1 in Invocations
  1821 | D:2      | Reached skill level 1 in Fighting
  1821 | D:2      | Reached skill level 1 in Short Blades
  1821 | D:2      | Reached skill level 1 in Long Blades
  1821 | D:2      | Reached skill level 1 in Axes
  1821 | D:2      | Reached skill level 1 in Maces & Flails
  1821 | D:2      | Reached skill level 1 in Polearms
  1821 | D:2      | Reached skill level 1 in Staves
  1821 | D:2      | Reached skill level 1 in Slings
  1821 | D:2      | Reached skill level 1 in Bows
  1821 | D:2      | Reached skill level 1 in Crossbows
  1821 | D:2      | Reached skill level 1 in Throwing
  1821 | D:2      | Reached skill level 1 in Armour
  1821 | D:2      | Reached skill level 1 in Shields
  1821 | D:2      | Reached skill level 1 in Unarmed Combat
  1821 | D:2      | Reached skill level 1 in Evocations
  1898 | D:2      | Reached XP level 4. HP: 10/32 MP: 6/11
  2330 | D:2      | Reached skill level 1 in Conjurations
  2330 | D:2      | Reached skill level 1 in Hexes
  2330 | D:2      | Reached skill level 1 in Summonings
  2330 | D:2      | Reached skill level 1 in Necromancy
  2330 | D:2      | Reached skill level 1 in Translocations
  2330 | D:2      | Reached skill level 1 in Transmutations
  2330 | D:2      | Reached skill level 1 in Fire Magic
  2330 | D:2      | Reached skill level 1 in Air Magic
  2330 | D:2      | Reached skill level 1 in Earth Magic
  2330 | D:2      | Reached skill level 1 in Poison Magic
  3060 | D:3      | Reached XP level 5. HP: 37/37 MP: 12/12
  4121 | D:4      | Slain by a gnoll

Illustrated notes

Levels and vault maps discovered:
D:1:      dpeg_arrival_connections, layout_loops_corners,
          dilly_ecumenical_altar_fadedgnrine, minmay_heptomino_d4
D:2:      kennysheep_six_static_rooms, layout_basic
D:3:      layout_loops_ring, portal_sewer_entry_e, nicolae_grassy_gnolls
D:4:      layout_rooms, minmay_temple_entry_mini_moons

Skill      XL: |  1  2  3  4 |
---------------+-------------+-----
Spellcasting   | 5 |  5.2
Invocations    | 1 |  1.9
Fighting       | 1 |  1.7
Short Blades   | 1 |  1.7
Long Blades    | 1 |  1.7
Axes           | 1 |  1.7
Maces & Flails | 1 |  1.7
Polearms       | 1 |  1.7
Staves         | 1 |  1.7
Slings         | 1 |  1.7
Bows           | 1 |  1.7
Crossbows      | 1 |  1.7
Throwing       | 1 |  1.7
Armour         | 1 |  1.7
Shields        | 1 |  1.7
Unarmed Combat | 1 |  1.7
Evocations     | 1 |  1.7
Conjurations   | 1 |  1.3
Hexes          | 1 |  1.3
Summonings     | 1 |  1.3
Necromancy     | 1 |  1.3
Translocations | 1 |  1.3
Transmutations | 1 |  1.3
Fire Magic     | 1 |  1.3
Air Magic      | 1 |  1.3
Earth Magic    | 1 |  1.3
Poison Magic   | 1 |  1.3
Dodging        | |  4.9
Stealth        | |  4.5
Ice Magic      | |  7.2

Action                   |  1- 3 |  4- 6 || total
-------------------------+-------+-------++-------
Melee: Unarmed           |    13 |     4 ||    17
       Dagger            |       |    23 ||    23
       Bite              |       |     3 ||     3
       War axe           |       |    18 ||    18
       Punch             |       |     2 ||     2
 Cast: Freeze            |    51 |    28 ||    79
       Frozen Ramparts   |       |     4 ||     4
       Ozocubu's Armour  |       |     3 ||     3
 Stab: Sleeping          |     1 |     3 ||     4
Armor: Robe              |     6 |     6 ||    12
       Leather armour    |       |    16 ||    16
Dodge: Dodged            |    34 |    59 ||    93

Table legend: (Time is in decaauts)
 A = Elapsed time spent in this place.
 B = Non-inter-level travel time spent in this place.
 C = Inter-level travel time spent in this place.
 D = Time resting spent in this place.
 E = Time spent auto-exploring this place.
 F = Levels seen in this place.
 G = Mean time per level.
                   A        B        C        D        E       F      G
               +--------+--------+--------+--------+--------+-----+--------+
         Total |   4128 |   3965 |    163 |      0 |   3389 |   4 | 1032.0 |
       Dungeon |   4128 |   3965 |    163 |      0 |   3389 |   4 | 1032.0 |
               +--------+--------+--------+--------+--------+-----+--------+

Top non-repeatable levels by time:
     D:3: 1397 daAuts
     D:2: 1350 daAuts
     D:1: 1340 daAuts
     D:4: 39 daAuts
